TOP OF THE 1ST |
Charlotte Knights batting - Pitching for Salt Lake Bees : RHP Ricky Castillo
|
Pitching: RHP Ricky Castillo
|
|
Batting: RHB Jeremy Hoffert
|
0-0: Ball 1-0: Foul Ball, location: 2F 1-1: Foul Ball, location: 2F 1-2: Foul Ball, location: 2F 1-2: Foul Ball, location: 2F 1-2: Fly out, F4 (Line Drive, 4, EV 71.9 MPH)
|
Batting: SHB Ruben Velasco Jr.
|
0-0: Ball 1-0: Ball 2-0: Called Strike 2-1: Foul Ball, location: 2F 2-2: Foul Ball, location: 2F 2-2: SINGLE (Groundball, 34S, EV 68.1 MPH) (infield hit)
|
Batting: LHB Justin Stickney
|
0-0: Called Strike 0-1: Called Strike 0-2: Grounds into double play, 3-6-3 (Groundball, 3, EV 81.9 MPH)
|
Top of the 1st over - 0 runs, 1 hit, 0 errors, 0 left on base; Charlotte 0 - Salt Lake 0 |
BOTTOM OF THE 1ST |
Salt Lake Bees batting - Pitching for Charlotte Knights : RHP Brett Kitchen
|
Pitching: RHP Brett Kitchen
|
|
Batting: RHB Kian-tat Chen
|
0-0: Ball 1-0: Called Strike 1-1: Ball 2-1: Called Strike 2-2: Strikes out looking
|
Batting: RHB Brandon Davis
|
0-0: Foul Ball, location: 2F 0-1: Ball 1-1: Fly out, F7 (Line Drive, 7, EV 95.6 MPH)
|
Batting: SHB Mario Padron
|
0-0: Ball 1-0: Swinging Strike 1-1: Ball 2-1: Ball 3-1: Base on Balls
|
Batting: LHB Justin Alexander
|
0-0: Foul Ball, location: 2F 0-1: Ball 1-1: Called Strike 1-2: Ground out 1-3 (Groundball, 13S, EV 73.8 MPH)
|
Bottom of the 1st over - 0 runs, 0 hits, 0 errors, 1 left on base; Charlotte 0 - Salt Lake 0 |
TOP OF THE 2ND |
Charlotte Knights batting - Pitching for Salt Lake Bees : RHP Ricky Castillo
|
Batting: RHB Fletcher Easter
|
0-0: Ball 1-0: Fly out, F8 (Flyball, 78D, EV 98.8 MPH)
|
Batting: RHB Manny Mendoza
|
0-0: Ball 1-0: Foul Ball, location: 2F 1-1: Ball 2-1: Foul Ball, location: 2F 2-2: Strikes out swinging
|
Batting: RHB Micah Brown
|
0-0: Swinging Strike 0-1: Called Strike 0-2: Ground out 5-3 (Groundball, 5S, EV 93.8 MPH)
|
Top of the 2nd over - 0 runs, 0 hits, 0 errors, 0 left on base; Charlotte 0 - Salt Lake 0 |
BOTTOM OF THE 2ND |
Salt Lake Bees batting - Pitching for Charlotte Knights : RHP Brett Kitchen
|
Batting: RHB Jimmy Buzard
|
0-0: Called Strike 0-1: Ball 1-1: Ball 2-1: Swinging Strike 2-2: Ball 3-2: Ground out 6-3 (Groundball, 6, EV 105.0 MPH)
|
Batting: RHB Josh Faulconer
|
0-0: Called Strike 0-1: Ground out 6-3 (Groundball, 6, EV 79.4 MPH)
|
Batting: RHB Nelle Lommen
|
0-0: Foul Ball, location: 2F 0-1: SINGLE (Groundball, 4MD, EV 108.1 MPH)
|
Batting: RHB Timoleon Tsikouna
|
0-0: Ball 1-0: Ball 2-0: Swinging Strike 2-1: Fly out, F9 (Line Drive, 9S, EV 89.4 MPH)
|
Bottom of the 2nd over - 0 runs, 1 hit, 0 errors, 1 left on base; Charlotte 0 - Salt Lake 0 |
TOP OF THE 3RD |
Charlotte Knights batting - Pitching for Salt Lake Bees : RHP Ricky Castillo
|
Batting: RHB Kikuo Sato
|
0-0: Ball 1-0: Ground out 6-3 (Groundball, 6, EV 85.0 MPH)
|
Batting: SHB Josh Conner
|
0-0: Swinging Strike 0-1: Ball 1-1: Called Strike 1-2: Foul Ball, location: 2F 1-2: Foul Ball, location: 2F 1-2: Ball 2-2: Ball 3-2: Strikes out swinging
|
Batting: RHB Steve Waltenbery
|
0-0: Foul Ball, location: 2F 0-1: Ground out 6-3 (Groundball, 6, EV 85.0 MPH)
|
Top of the 3rd over - 0 runs, 0 hits, 0 errors, 0 left on base; Charlotte 0 - Salt Lake 0 |
BOTTOM OF THE 3RD |
Salt Lake Bees batting - Pitching for Charlotte Knights : RHP Brett Kitchen
|
Batting: LHB Larry Prey
|
0-0: Called Strike 0-1: Swinging Strike 0-2: Ball 1-2: Ball 2-2: Foul Ball, location: 2F 2-2: Ball 3-2: Foul Ball, location: 2F 3-2: Base on Balls
|
Batting: RHB Kian-tat Chen
|
0-0: Ball 1-0: Ball 2-0: SINGLE (Groundball, 5D, EV 95.6 MPH) Larry Prey to second
|
Batting: RHB Brandon Davis
|
0-0: Called Strike 0-1: Called Strike 0-2: Foul Ball, location: 2F 0-2: Ball 1-2: Fielders Choice at 2nd, 3-6 (Groundball, 3, EV 109.4 MPH) Larry Prey to third
|
Batting: SHB Mario Padron
|
0-0: Ball 1-0: Ball 2-0: Called Strike 2-1: Called Strike 2-2: Strikes out swinging
|
Batting: LHB Justin Alexander
|
0-0: Ball 1-0: Ball 2-0: Ball 3-0: Called Strike 3-1: Ground out 4-3 (Groundball, 4S, EV 90.6 MPH)
|
Bottom of the 3rd over - 0 runs, 1 hit, 0 errors, 2 left on base; Charlotte 0 - Salt Lake 0 |
TOP OF THE 4TH |
Charlotte Knights batting - Pitching for Salt Lake Bees : RHP Ricky Castillo
|
Batting: RHB Jeremy Hoffert
|
0-0: Called Strike 0-1: Ball 1-1: Called Strike 1-2: Strikes out swinging
|
Batting: SHB Ruben Velasco Jr.
|
0-0: Ball 1-0: Swinging Strike 1-1: Swinging Strike 1-2: Strikes out swinging
|
Batting: LHB Justin Stickney
|
0-0: Ball 1-0: Ball 2-0: Ball 3-0: Base on Balls
|
Batting: RHB Fletcher Easter
|
0-0: Ball 1-0: Ball 2-0: Called Strike 2-1: Ball 3-1: Foul Ball, location: 2F 3-2: Base on Balls Justin Stickney to second
|
Batting: RHB Manny Mendoza
|
0-0: Called Strike 0-1: Foul Ball, location: 2F 0-2: Ball 1-2: Ball 2-2: Fly out, F9 (Flyball, 9D, EV 101.2 MPH)
|
Top of the 4th over - 0 runs, 0 hits, 0 errors, 2 left on base; Charlotte 0 - Salt Lake 0 |
BOTTOM OF THE 4TH |
Salt Lake Bees batting - Pitching for Charlotte Knights : RHP Brett Kitchen
|
Batting: RHB Jimmy Buzard
|
0-0: Called Strike 0-1: Ball 1-1: Ground out 6-3 (Groundball, 6M, EV 83.8 MPH)
|
Batting: RHB Josh Faulconer
|
0-0: Ball 1-0: Swinging Strike 1-1: Foul Ball, location: 2F 1-2: Ground out 5-3 (Groundball, 56, EV 85.6 MPH)
|
Batting: RHB Nelle Lommen
|
0-0: Ball 1-0: Swinging Strike 1-1: Ball 2-1: Foul Ball, location: 2F 2-2: Ball 3-2: Base on Balls
|
Batting: RHB Timoleon Tsikouna
|
0-0: Foul Ball, location: 2F 0-1: Ball 1-1: Called Strike Nelle Lommen steals 2nd base 1-2: SINGLE (Groundball, 4D, EV 108.1 MPH) Nelle Lommen to third Runner from 3rd tries for Home, SAFE, throw by CF to home
|
Batting: LHB Larry Prey
|
0-0: Ball 1-0: Ball 2-0: Ball 3-0: Ground out 4-3 (Groundball, 34, EV 90.6 MPH)
|
Bottom of the 4th over - 1 run, 1 hit, 0 errors, 1 left on base; Charlotte 0 - Salt Lake 1 |
TOP OF THE 5TH |
Charlotte Knights batting - Pitching for Salt Lake Bees : RHP Ricky Castillo
|
Batting: RHB Micah Brown
|
0-0: Ball 1-0: SINGLE (Groundball, 34D, EV 98.1 MPH)
|
Batting: RHB Kikuo Sato
|
0-0: Ball 1-0: Called Strike 1-1: Swinging Strike 1-2: Strikes out swinging
|
Batting: SHB Josh Conner
|
0-0: Foul Ball, location: 2F 0-1: Swinging Strike 0-2: Strikes out looking
|
Batting: RHB Steve Waltenbery
|
0-0: Ball 1-0: Swinging Strike 1-1: Called Strike 1-2: Strikes out swinging
|
Top of the 5th over - 0 runs, 1 hit, 0 errors, 1 left on base; Charlotte 0 - Salt Lake 1 |
BOTTOM OF THE 5TH |
Salt Lake Bees batting - Pitching for Charlotte Knights : RHP Brett Kitchen
|
Batting: RHB Kian-tat Chen
|
0-0: Ball 1-0: Ball 2-0: Called Strike 2-1: Ground out 6-3 (Groundball, 6MS, EV 72.5 MPH)
|
Batting: RHB Brandon Davis
|
0-0: Foul Ball, location: 2F 0-1: Ball 1-1: Foul Ball, location: 2F 1-2: Strikes out looking
|
Batting: SHB Mario Padron
|
0-0: Called Strike 0-1: Called Strike 0-2: Foul Ball, location: 2F 0-2: Strikes out swinging
|
Bottom of the 5th over - 0 runs, 0 hits, 0 errors, 0 left on base; Charlotte 0 - Salt Lake 1 |
TOP OF THE 6TH |
Charlotte Knights batting - Pitching for Salt Lake Bees : RHP Ricky Castillo
|
Batting: RHB Jeremy Hoffert
|
0-0: Fly out, F3 (Popup, 23F, EV 86.9 MPH)
|
Batting: SHB Ruben Velasco Jr.
|
0-0: Ball 1-0: Ball 2-0: Ball 3-0: Called Strike 3-1: Called Strike 3-2: Base on Balls
|
Batting: LHB Justin Stickney
|
0-0: Ball 1-0: SINGLE (Groundball, 34D, EV 105.0 MPH) Ruben Velasco Jr. to second Runner from 2nd tries for 3rd, SAFE, throw by RF made to third
|
Batting: RHB Fletcher Easter
|
0-0: Ball 1-0: Foul Ball, location: 2F 1-1: Swinging Strike 1-2: Ball 2-2: Foul Ball, location: 2F 2-2: Foul Ball, location: 2F 2-2: Foul Ball, location: 2F 2-2: Strikes out swinging
|
Batting: RHB Manny Mendoza
|
0-0: Ball 1-0: Ball 2-0: Called Strike 2-1: Foul Ball, location: 2F 2-2: Strikes out swinging
|
Top of the 6th over - 0 runs, 1 hit, 0 errors, 2 left on base; Charlotte 0 - Salt Lake 1 |
BOTTOM OF THE 6TH |
Salt Lake Bees batting - Pitching for Charlotte Knights : RHP Brett Kitchen
|
Pitching: RHP Maury Compson
|
|
Batting: LHB Justin Alexander
|
0-0: SINGLE (Groundball, 34S, EV 66.2 MPH) (infield hit)
|
Batting: RHB Jimmy Buzard
|
0-0: Ball Justin Alexander steals 2nd base (no throw) 1-0: Foul Ball, location: 2F 1-1: Ball 2-1: Ball 3-1: Foul Ball, location: 2F 3-2: Strikes out swinging
|
Batting: RHB Josh Faulconer
|
0-0: Ball Justin Alexander steals 3rd base 1-0: SINGLE (Groundball, 34D, EV 98.1 MPH) Justin Alexander scores
|
Batting: RHB Nelle Lommen
|
0-0: Called Strike 0-1: Swinging Strike 0-2: Ball 1-2: Ball 2-2: Foul Ball, location: 2F 2-2: Strikes out swinging
|
Batting: RHB Timoleon Tsikouna
|
0-0: Ball Josh Faulconer steals 2nd base (no throw) 1-0: Foul Ball, location: 2F 1-1: Fly out, F4 (Popup, 4M, EV 58.8 MPH)
|
Bottom of the 6th over - 1 run, 2 hits, 0 errors, 1 left on base; Charlotte 0 - Salt Lake 2 |
TOP OF THE 7TH |
Charlotte Knights batting - Pitching for Salt Lake Bees : RHP Ricky Castillo
|
Batting: RHB Micah Brown
|
0-0: Ball 1-0: Called Strike 1-1: Foul Ball, location: 2F 1-2: Ball 2-2: DOUBLE (Flyball, 78XD, EV 103.8 MPH)
|
Pitching: RHP Danny Nava
|
|
Batting: RHB Kikuo Sato
|
0-0: Ball 1-0: Ball 2-0: Foul Ball, location: 2F 2-1: Swinging Strike 2-2: Strikes out swinging
|
Batting: SHB Josh Conner
|
0-0: DOUBLE (Flyball, 78XD, EV 91.2 MPH) Micah Brown scores
|
Pinch Hitting: LHB Adam Tarbutton
|
0-0: Ball 1-0: SINGLE (Groundball, 4MD, EV 102.5 MPH) Josh Conner to third
|
Batting: RHB Jeremy Hoffert
|
0-0: Called Strike Adam Tarbutton is caught stealing 2nd base 2-4 0-1: Ball 1-1: Foul Ball, location: 2F 1-2: DOUBLE (Flyball, 78XD, EV 109.4 MPH) Josh Conner scores
|
Batting: SHB Ruben Velasco Jr.
|
0-0: Ball 1-0: Foul Ball, location: 2F 1-1: 2-RUN HOME RUN (Flyball, 9D, EV 95.6 MPH), Distance : 362 ft
|
Pitching: LHP Bryan Payne
|
|
Batting: LHB Justin Stickney
|
0-0: Ball 1-0: Swinging Strike 1-1: Called Strike 1-2: Ball 2-2: Ball 3-2: Foul Ball, location: 2F 3-2: Fly out, F8 (Flyball, 8LD, EV 95.6 MPH)
|
Top of the 7th over - 4 runs, 5 hits, 0 errors, 0 left on base; Charlotte 4 - Salt Lake 2 |
BOTTOM OF THE 7TH |
Salt Lake Bees batting - Pitching for Charlotte Knights : RHP Maury Compson
|
Pitching: RHP Jesus Griego
|
|
Now at SS: John Iddings
|
|
Batting: LHB Larry Prey
|
0-0: Called Strike 0-1: Ball 1-1: Fly out, F8 (Flyball, 78D, EV 78.8 MPH)
|
Batting: RHB Kian-tat Chen
|
0-0: Ball 1-0: Swinging Strike 1-1: Foul Ball, location: 2F 1-2: Strikes out swinging
|
Batting: RHB Brandon Davis
|
0-0: Fly out, F7 (Flyball, 7S, EV 85.0 MPH)
|
Bottom of the 7th over - 0 runs, 0 hits, 0 errors, 0 left on base; Charlotte 4 - Salt Lake 2 |
TOP OF THE 8TH |
Charlotte Knights batting - Pitching for Salt Lake Bees : LHP Bryan Payne
|
Batting: RHB Fletcher Easter
|
0-0: Swinging Strike 0-1: Ball 1-1: Ball 2-1: Ball 3-1: Foul Ball, location: 2F 3-2: Base on Balls
|
Batting: RHB Manny Mendoza
|
0-0: Ball 1-0: Ball 2-0: Ball 3-0: Called Strike 3-1: Base on Balls Fletcher Easter to second
|
Batting: RHB Micah Brown
|
0-0: Grounds into double play, 4-6-3 (Groundball, 4, EV 84.4 MPH) Fletcher Easter to third
|
Batting: RHB Kikuo Sato
|
0-0: Called Strike 0-1: Swinging Strike 0-2: Strikes out swinging
|
Top of the 8th over - 0 runs, 0 hits, 0 errors, 1 left on base; Charlotte 4 - Salt Lake 2 |
BOTTOM OF THE 8TH |
Salt Lake Bees batting - Pitching for Charlotte Knights : RHP Jesus Griego
|
Batting: SHB Mario Padron
|
0-0: Ball 1-0: Called Strike 1-1: Ball 2-1: Ball 3-1: Swinging Strike 3-2: Foul Ball, location: 2F 3-2: Base on Balls
|
Batting: LHB Justin Alexander
|
0-0: Ball 1-0: SINGLE (Groundball, 6MS, EV 69.4 MPH) (infield hit) Mario Padron to second
|
Pinch Hitting: LHB Brett Bugge
|
0-0: Ball 1-0: Called Strike 1-1: Foul Ball, location: 2F 1-2: Foul Ball, location: 2F 1-2: Fielders Choice at 2nd, 6-4 (Groundball, 56, EV 88.8 MPH) Mario Padron to third
|
Pitching: RHP Chris Worster
|
|
Batting: RHB Josh Faulconer
|
0-0: Ball 1-0: Swinging Strike 1-1: Fielders Choice at 2nd, 6-4 (Groundball, 6D, EV 107.5 MPH) Mario Padron scores
|
Batting: RHB Nelle Lommen
|
0-0: Ball 1-0: Ball 2-0: Ground out 3-1 (Groundball, 34, EV 86.2 MPH)
|
Bottom of the 8th over - 1 run, 1 hit, 0 errors, 1 left on base; Charlotte 4 - Salt Lake 3 |
TOP OF THE 9TH |
Charlotte Knights batting - Pitching for Salt Lake Bees : LHP Bryan Payne
|
Now at 1B: Justin Balthazor
|
|
Batting: SHB Josh Conner
|
0-0: Foul Ball, location: 2F 0-1: Foul Ball, location: 2F 0-2: Ball 1-2: Ball 2-2: Ground out 2-3 (Groundball, 15S, EV 66.9 MPH)
|
Batting: RHB John Iddings
|
0-0: Ball 1-0: Called Strike 1-1: Ball 2-1: Foul Ball, location: 2F 2-2: Ball 3-2: Strikes out swinging
|
Batting: RHB Jeremy Hoffert
|
0-0: Ball 1-0: Swinging Strike 1-1: Ball 2-1: Ball 3-1: Base on Balls
|
Batting: SHB Ruben Velasco Jr.
|
0-0: Ball 1-0: Called Strike 1-1: Foul Ball, location: 2F 1-2: Ball Jeremy Hoffert steals 2nd base 2-2: Strikes out swinging
|
Top of the 9th over - 0 runs, 0 hits, 0 errors, 1 left on base; Charlotte 4 - Salt Lake 3 |
BOTTOM OF THE 9TH |
Salt Lake Bees batting - Pitching for Charlotte Knights : RHP Chris Worster
|
Pitching: RHP Tommy Benedict
|
|
Pinch Hitting: SHB Butch Brown
|
0-0: Called Strike 0-1: Ball 1-1: Ball 2-1: Called Strike 2-2: Ball 3-2: Foul Ball, location: 2F 3-2: Foul Ball, location: 2F 3-2: Foul Ball, location: 2F 3-2: Fly out, F6 (Line Drive, 6, EV 73.1 MPH)
|
Batting: LHB Larry Prey
|
0-0: Swinging Strike 0-1: Ground out 6-3 (Groundball, 6, EV 87.5 MPH)
|
Batting: RHB Kian-tat Chen
|
0-0: Fly out, F7 (Flyball, 7LS, EV 78.1 MPH)
|
Bottom of the 9th over - 0 runs, 0 hits, 0 errors, 0 left on base; Charlotte 4 - Salt Lake 3 |
|